[Event "Panevezys Elite 2018"]
[Site "Panevezys"]
[Date "2018.07.05"]
[Round "8"]
[White "Berzina, Ilze"]
[Black "Ratsma, Midas"]
[Result "1-0"]
[ECO "B31"]
[WhiteElo "2169"]
[BlackElo "2253"]
[Annotator "NA"]
[PlyCount "73"]
[EventDate "2018.06.29"]
[EventType "swiss"]
[EventRounds "9"]
[EventCountry "LTU"]
[SourceTitle "playchess.com"]
[Source "ChessBase"]
[SourceQuality "1"]
[TimeControl "40/5400+30:1800+30"]

1. e4 c5 2. Nf3 Nc6 3. Bb5 g6 4. Bxc6 bxc6 5. O-O Bg7 6. d3 Rb8 7. Nc3 Nh6 8. e5 O-O 9. Re1 Nf5 10. Ne4 d6 11. exd6 exd6 12. h3 Be6 13. Bg5 Qc7 14. Bf4 Rxb2 15. g4 Ne7 16. Bxd6 Qd7 17. Be5 Bxe5 18. Nxe5 Qd4 19. Nf3 Qa4 20. Re2 Rxa2 21. Rxa2 Qxa2 22. Qc1 Nd5 23. Re1 Rb8 24. Qh6 Rb1 25. c4 Rxe1+ 26. Nxe1 Qa1 27. cxd5 cxd5 28. Ng5 Qxe1+ 29. Kg2 c4 30. Nxh7 Qe5 31. g5 f5 32. Nf6+ Kf7 33. Qh7+ Kf8 34. Qh8+ Kf7 35. Qg8+ Ke7 36. Qe8+ Kd6 37. Qb8+ 1-0

[Event "Panevezys Elite 2018"]
[Site "Panevezys"]
[Date "2018.07.05"]
[Round "8"]
[White "Stasans, Aivars"]
[Black "Maryasin, Boris Feliksovich"]
[Result "1/2-1/2"]
[ECO "B24"]
[WhiteElo "2110"]
[BlackElo "2302"]
[Annotator "NA"]
[PlyCount "84"]
[EventDate "2018.06.29"]
[EventType "swiss"]
[EventRounds "9"]
[EventCountry "LTU"]
[SourceTitle "playchess.com"]
[Source "ChessBase"]
[SourceQuality "1"]
[TimeControl "40/5400+30:1800+30"]

1. e4 c5 2. Nc3 Nc6 3. Bb5 Nd4 4. Bc4 e6 5. Nge2 Nf6 6. O-O b5 7. Nxb5 Nxb5 8. Bxb5 Nxe4 9. d3 Nf6 10. Nc3 Bb7 11. Bg5 Be7 12. Qe2 O-O 13. Ne4 Nxe4 14. Bxe7 Nc3 15. bxc3 Qxe7 16. c4 Rad8 17. f4 f5 18. Qe3 h6 19. c3 g5 20. d4 cxd4 21. cxd4 Be4 22. c5 d6 23. fxg5 Qxg5 24. Qxg5+ hxg5 25. Rfd1 Kf7 26. Rac1 Rb8 27. a4 Rfd8 28. c6 Rdc8 29. c7 Rb7 30. Ba6 Rcxc7 31. Bxb7 Rxb7 32. Rd2 a5 33. Kf2 Kf6 34. g3 Rb4 35. Ra1 Bc6 36. Ke3 Bxa4 37. Raa2 g4 38. Rdb2 Rxb2 39. Rxb2 Bd7 40. Rb7 Ke7 41. Ra7 a4 42. Kf4 Kd8 {[%emt 0:00:10] Ke4} 1/2-1/2

[Event "Panevezys Elite 2018"]
[Site "Panevezys"]
[Date "2018.07.06"]
[Round "9"]
[White "Maryasin, Boris"]
[Black "Prigodin, Ruslan"]
[Result "1/2-1/2"]
[ECO "B12"]
[WhiteElo "2302"]
[BlackElo "2036"]
[Annotator "NA"]
[PlyCount "68"]
[EventDate "2018.06.29"]
[EventType "swiss"]
[EventRounds "9"]
[EventCountry "LTU"]
[SourceTitle "playchess.com"]
[Source "ChessBase"]
[SourceQuality "1"]
[TimeControl "40/5400+30:1800+30"]

1. e4 c6 2. d4 d5 3. e5 Bf5 4. Nf3 e6 5. Be2 c5 6. O-O Nc6 7. Be3 cxd4 8. Nxd4 Nxd4 {[%emt 0:03:51] B12: Caro-Kann (Vorstoß-Variante)} (8... Nge7 9. Nf3 Ng6 10. c4 dxc4 11. Qa4 Qa5 12. Qxc4 Ngxe5 13. Nxe5 Nxe5 14. Qb3 Qb4 15. Nc3 a6 16. Qxb4 Bxb4 {0-1 (45) Movsesian,S (2673)-Navara,D (2725) Prague 2016}) 9. Qxd4 Ne7 $1 10. Bb5+ Nc6 11. Qa4 {[%emt 0:00:31] LiveBook: 4 Games} Qc7 12. g4 $146 ({Vorgänger:} 12. c4 dxc4 13. Rc1 Be7 14. Nd2 O-O 15. Bxc6 bxc6 16. Nxc4 {½-½ (34) Vogt,L (2510)-Kasparov,G (2595) Baku (Azerbaijan) 1980}) 12... Bg6 $1 13. f4 Be7 14. f5 exf5 15. gxf5 Bh5 16. Nc3 O-O 17. Nxd5 Qxe5 18. Bxc6 bxc6 19. Nxe7+ Qxe7 20. Rae1 Qf6 21. Qd4 Qxd4 22. Bxd4 f6 23. Re6 Rfd8 24. Rf4 Bf7 25. Rxc6 Bxa2 26. Rc7 Rdc8 27. Rd7 Rd8 28. Re7 h5 29. Bxa7 Rd1+ 30. Rf1 $11 Rxf1+ 31. Kxf1 Bb1 32. c3 Bxf5 33. Kf2 Rd8 34. Bd4 Rd7 1/2-1/2

[Event "Panevezys Elite 2018"]
[Site "Panevezys"]
[Date "2018.07.06"]
[Round "9"]
[White "Vovk, Ilja"]
[Black "Laurusas, Tomas"]
[Result "1/2-1/2"]
[ECO "A05"]
[WhiteElo "2273"]
[BlackElo "2453"]
[Annotator "ChessBase"]
[PlyCount "76"]
[EventDate "2018.06.29"]
[EventType "swiss"]
[EventRounds "9"]
[EventCountry "LTU"]
[SourceTitle "playchess.com"]
[Source "ChessBase"]
[SourceQuality "1"]
[TimeControl "40/5400+30:1800+30"]

1. Nf3 Nf6 2. g3 d5 3. Bg2 g6 4. O-O Bg7 5. d4 O-O 6. c3 a5 7. c4 dxc4 8. Na3 Nc6 9. Nxc4 Be6 10. Na3 Qc8 11. Ng5 Bf5 12. e4 Bg4 13. f3 Bd7 14. e5 Nd5 15. f4 Ncb4 16. Nc2 Bg4 17. Qd2 h6 18. Nxb4 Nxb4 19. Ne4 Rd8 20. Qf2 Bh3 21. Be3 Nd5 22. Bd2 Bxg2 23. Qxg2 f5 24. exf6 Nxf6 25. Bc3 b5 26. Nxf6+ exf6 27. a3 f5 28. d5 Bxc3 29. bxc3 Qd7 30. Rad1 Ra6 31. Rfe1 Rd6 32. Re5 c6 33. Qh3 Rxd5 34. Rdxd5 cxd5 35. Qxh6 Qc6 36. Qg5 Rf8 37. Qe7 Qxc3 38. Qe6+ Kg7 1/2-1/2

[Event "Panevezys Elite 2018"]
[Site "Panevezys"]
[Date "2018.07.06"]
[Round "9"]
[White "Parligras, Cosmin"]
[Black "Bjerre, Jonas Buhl"]
[Result "1/2-1/2"]
[ECO "E10"]
[WhiteElo "2231"]
[BlackElo "2436"]
[Annotator "ChessBase"]
[PlyCount "91"]
[EventDate "2018.06.29"]
[EventType "swiss"]
[EventRounds "9"]
[EventCountry "LTU"]
[SourceTitle "playchess.com"]
[Source "ChessBase"]
[SourceQuality "1"]
[TimeControl "40/5400+30:1800+30"]

1. d4 Nf6 2. c4 e6 3. Nf3 c5 4. Nc3 cxd4 5. Nxd4 Bb4 6. Qc2 O-O 7. e3 b6 8. Be2 Bb7 9. O-O Nc6 10. Nxc6 Bxc6 11. a3 Be7 12. e4 Qc7 13. Be3 Bc5 14. Qd3 Rad8 15. b4 Bxe3 16. Qxe3 d5 17. cxd5 exd5 18. Nxd5 Nxd5 19. exd5 Bxd5 20. Qg3 Qe7 21. Bf3 a5 22. bxa5 bxa5 23. Bxd5 Rxd5 24. Rfd1 Qd7 25. Qb3 Rd8 26. Qxd5 Qxd5 27. Rxd5 Rxd5 28. Kf1 Kf8 29. Ke2 Ke7 30. Rd1 Rb5 31. Ke3 Ke6 32. Rd3 g5 33. h3 f5 34. g3 h5 35. f4 g4 36. h4 Rb1 37. Kd4 Rf1 38. Re3+ Kd6 39. Re5 Rd1+ 40. Kc4 Rc1+ 41. Kb5 Rc3 42. a4 Rxg3 43. Rxf5 Rd3 44. Kc4 Rf3 45. Kb5 Rd3 46. Kc4 {[%emt 0:00:00] Ke5} 1/2-1/2

[Event "Panevezys Elite 2018"]
[Site "Panevezys"]
[Date "2018.07.06"]
[Round "9"]
[White "Priyanka, Nutakki"]
[Black "Brazdzionis, Andrius"]
[Result "1/2-1/2"]
[ECO "B07"]
[WhiteElo "2181"]
[BlackElo "2283"]
[Annotator "ChessBase"]
[PlyCount "20"]
[EventDate "2018.06.29"]
[EventType "swiss"]
[EventRounds "9"]
[EventCountry "LTU"]
[SourceTitle "playchess.com"]
[Source "ChessBase"]
[SourceQuality "1"]
[TimeControl "40/5400+30:1800+30"]

1. e4 d6 2. d4 Nf6 3. Nc3 g6 4. h3 Bg7 5. Be3 O-O 6. Qd2 c6 7. g4 d5 8. e5 Ne4 9. Nxe4 dxe4 10. Bg2 f5 1/2-1/2

[Event "Panevezys Elite 2018"]
[Site "Panevezys"]
[Date "2018.07.06"]
[Round "9"]
[White "Stasans, Aivars"]
[Black "Malinin, Yuri"]
[Result "1/2-1/2"]
[ECO "B24"]
[WhiteElo "2110"]
[BlackElo "2197"]
[Annotator "ChessBase"]
[PlyCount "84"]
[EventDate "2018.06.29"]
[EventType "swiss"]
[EventRounds "9"]
[EventCountry "LTU"]
[SourceTitle "playchess.com"]
[Source "ChessBase"]
[SourceQuality "1"]
[TimeControl "40/5400+30:1800+30"]

1. e4 c5 2. Nc3 Nc6 3. Bb5 Nd4 4. Bc4 a6 5. a4 e6 6. d3 Nf6 7. f4 d5 8. Ba2 dxe4 9. dxe4 b5 10. Nf3 b4 11. Ne2 Nxe4 12. Nexd4 cxd4 13. Qxd4 Bb7 14. Qxd8+ Rxd8 15. Be3 Bc5 16. Ke2 a5 17. Bc4 Ke7 18. Rhd1 Bxe3 19. Kxe3 Nc5 20. Bb5 h6 21. g3 Bxf3 22. Kxf3 g5 23. Ke3 f6 24. c3 bxc3 25. bxc3 gxf4+ 26. gxf4 Rhg8 27. Rg1 h5 28. Rab1 Rg4 29. h3 Rgg8 30. Bc4 Nxa4 31. Rb7+ Kd6 32. Rd1+ Kc6 33. Rxd8 Rxd8 34. Rh7 Nxc3 35. Bxe6 Re8 36. f5 a4 37. Rxh5 a3 38. Kd3 a2 39. Bxa2 Nxa2 40. Rh6 Rf8 41. Rh4 Nc1+ 42. Kd2 Nb3+ 1/2-1/2

[Event "Panevezys Elite 2018"]
[Site "Panevezys"]
[Date "2018.07.06"]
[Round "9"]
[White "Bekasovs, Rihards"]
[Black "Badelka, Olga"]
[Result "0-1"]
[ECO "A46"]
[WhiteElo "2052"]
[BlackElo "2407"]
[Annotator "ChessBase"]
[PlyCount "114"]
[EventDate "2018.06.29"]
[EventType "swiss"]
[EventRounds "9"]
[EventCountry "LTU"]
[SourceTitle "playchess.com"]
[Source "ChessBase"]
[SourceQuality "1"]
[TimeControl "40/5400+30:1800+30"]

1. d4 Nf6 2. Nf3 e6 3. e3 b6 4. Bd3 Bb7 5. O-O d5 6. c4 Bd6 7. cxd5 exd5 8. Nc3 a6 9. b3 O-O 10. Bb2 Nbd7 11. Rc1 Ne4 12. Qc2 Re8 13. Ne2 Rc8 14. Ng3 Qf6 15. Nd2 Nxg3 16. hxg3 Qh6 17. Bf5 Rcd8 18. e4 dxe4 19. Nxe4 Bxe4 20. Bxe4 Nf6 21. Bf3 Qg5 22. Rfe1 h5 23. Rxe8+ Rxe8 24. Bc3 Ng4 25. Bd2 Qf6 26. Qd3 a5 27. Re1 Rxe1+ 28. Bxe1 g6 29. Bd2 Qe6 30. Qe4 Qxe4 31. Bxe4 Nf6 32. Bc6 Kg7 33. Kf1 Ng8 34. Ke2 Ne7 35. Be4 Kf6 36. Kd3 g5 37. Bf3 g4 38. Be4 Ke6 39. Kc4 f5 40. Bd3 c6 41. a4 Nd5 42. Be2 Bb4 43. Bxb4 Nxb4 44. Kc3 Kf6 45. Bc4 Kg5 46. Kd2 f4 47. Be6 h4 48. gxh4+ Kxh4 49. Bd7 g3 50. f3 Kg5 51. Be6 Kf6 52. Bg8 Ke7 53. Kc3 Kd6 54. Bf7 b5 55. Bg8 Nd5+ 56. Bxd5 Kxd5 57. Kd3 b4 0-1

[Event "Panevezys Elite 2018"]
[Site "Panevezys"]
[Date "2018.07.06"]
[Round "9"]
[White "Kalinowska, Zuzanna"]
[Black "Krivonosov, Oleg"]
[Result "0-1"]
[ECO "D56"]
[WhiteElo "1966"]
[BlackElo "2399"]
[Annotator "NA"]
[PlyCount "75"]
[EventDate "2018.06.29"]
[EventType "swiss"]
[EventRounds "9"]
[EventCountry "LTU"]
[SourceTitle "playchess.com"]
[Source "ChessBase"]
[SourceQuality "1"]
[TimeControl "40/5400+30:1800+30"]

1. d4 d5 2. c4 e6 3. Nc3 Be7 4. Nf3 Nf6 5. Bg5 h6 6. Bh4 O-O 7. e3 Ne4 8. Bxe7 Qxe7 9. Bd3 Nxc3 10. bxc3 dxc4 11. Bxc4 {[%emt 0:00:19] LiveBook: 36 Games} b6 {[%emt 0:00:25] D56: Queen's Gambit Declined: Lasker Defence} 12. O-O Bb7 13. Re1 (13. Qe2 Nd7 14. Rfd1 c5 15. a4 {½-½ (15) Goncharov,O (2392)-Vlasenko,A (2436) Golubitskaya 2018}) 13... c5 14. Qe2 Nd7 15. a4 $146 ({Predecessor:} 15. e4 cxd4 16. cxd4 Nf6 17. Bd3 Rac8 18. Rac1 Qa3 19. Rxc8 Rxc8 20. h4 Rc1 21. Qe3 Rxe1+ 22. Nxe1 Bxe4 23. Bxe4 Qxe3 {0-1 (36) Rouquet,R (2050)-Eustache,B (2156) France 2005}) 15... Rac8 16. Ba6 Nf6 17. a5 Ne4 18. Bxb7 Qxb7 19. axb6 axb6 20. Qb2 cxd4 21. cxd4 Rc7 22. Rec1 Rfc8 23. Rxc7 Qxc7 24. Ne5 Nc3 25. Nd3 Qc4 26. Ne5 Qc7 27. Nd3 Nd5 28. Rc1 Qb8 29. Rxc8+ Qxc8 30. e4 Nc3 31. Qxb6 Qc4 32. Nf4 Nxe4 33. Qb8+ Kh7 34. Qb1 Qxd4 35. Nd3 f5 36. g3 Nd2 $19 37. Qc2 Nf3+ 38. Kg2 0-1